| TOP OF THE 1ST |
|
Missoula Osprey batting - Pitching for Johnson City Cardinals : RHP Mario Machado
|
|
Pitching: RHP Mario Machado
|
|
|
Batting: RHB Mike Smith
|
0-0: Called Strike 0-1: Foul Ball, location: 2F 0-2: Ball 1-2: Ball 2-2: Strikes out swinging
|
|
Batting: RHB Hector Tabares
|
0-0: Foul Ball, location: 2F 0-1: Ball 1-1: Foul Ball, location: 2F 1-2: Ball 2-2: Ball 3-2: Fly out, F8 (Line Drive, 89M, EV 95.0 MPH)
|
|
Batting: LHB Ron Mills
|
0-0: Ball 1-0: Ball 2-0: Swinging Strike 2-1: Foul Ball, location: 2F 2-2: Strikes out swinging
|
| Top of the 1st over - 0 runs, 0 hits, 0 errors, 0 left on base; Missoula 0 - Johnson City 0 |
| BOTTOM OF THE 1ST |
|
Johnson City Cardinals batting - Pitching for Missoula Osprey : RHP Jason Maki
|
|
Pitching: RHP Jason Maki
|
|
|
Batting: RHB Juan Carrillo
|
0-0: Swinging Strike 0-1: Called Strike 0-2: Ball 1-2: SINGLE (Line Drive, 4MD, EV 97.5 MPH)
|
|
Batting: RHB Kyle Burns
|
0-0: Fielders Choice at 2nd, 6-4 (Groundball, 6, EV 83.1 MPH)
|
|
Batting: SHB Justin Houser
|
0-0: Swinging Strike 0-1: Swinging Strike 0-2: SINGLE (Groundball, 13S, EV 68.8 MPH) (infield hit) Kyle Burns to second
|
|
Batting: LHB Ignacio Ocampo
|
0-0: Ball 1-0: Ball 2-0: Foul Ball, location: 2F 2-1: Ball 3-1: Base on Balls Kyle Burns to third Justin Houser to second
|
|
Batting: RHB McGwire Jones
|
0-0: Called Strike 0-1: Swinging Strike 0-2: Ball 1-2: Ball 2-2: Foul Ball, location: 2F 2-2: Ball 3-2: DOUBLE (Flyball, 89XD, EV 104.4 MPH) Kyle Burns scores Justin Houser scores Ignacio Ocampo to third Runner from 3rd tries for Home, SAFE, throw by RF to trailing runner, OUT at third! 9-3-5
|
|
Batting: RHB Jonathan Winkler
|
0-0: Ball 1-0: Ground out U3 (Groundball, 23, EV 87.5 MPH)
|
| Bottom of the 1st over - 3 runs, 3 hits, 0 errors, 0 left on base; Missoula 0 - Johnson City 3 |
| TOP OF THE 2ND |
|
Missoula Osprey batting - Pitching for Johnson City Cardinals : RHP Mario Machado
|
|
Batting: RHB Edwin Romero
|
0-0: Called Strike 0-1: Ball 1-1: Ball 2-1: SINGLE (Groundball, 6D, EV 106.2 MPH)
|
|
Batting: RHB Isaiah Hampton
|
0-0: Called Strike Edwin Romero is caught stealing 2nd base 2-4 0-1: SINGLE (Groundball, 6M, EV 107.5 MPH) (infield hit)
|
|
Batting: RHB Zach Espinosa
|
0-0: Ball 1-0: Ball 2-0: Ball 3-0: Base on Balls Isaiah Hampton to second
|
|
Batting: RHB Hyeok Shon
|
0-0: Called Strike 0-1: Swinging Strike 0-2: Ball 1-2: Ball 2-2: Strikes out looking
|
|
Batting: RHB Jose Cuellar
|
0-0: Ball 1-0: Foul Ball, location: 2F 1-1: Foul Ball, location: 2F 1-2: Strikes out swinging
|
| Top of the 2nd over - 0 runs, 2 hits, 0 errors, 2 left on base; Missoula 0 - Johnson City 3 |
| BOTTOM OF THE 2ND |
|
Johnson City Cardinals batting - Pitching for Missoula Osprey : RHP Jason Maki
|
|
Batting: SHB Justin Towry
|
0-0: Ball 1-0: Ball 2-0: Swinging Strike 2-1: Called Strike 2-2: TRIPLE (Flyball, 89XD, EV 105.6 MPH)
|
|
Batting: RHB Pablo Nunez
|
0-0: Foul Ball, location: 2F 0-1: Ball 1-1: Ball 2-1: Ball 3-1: Fly out, F8 (Flyball, 8LM, EV 88.1 MPH) Runner from 3rd tags up, OUT at HOME! 8-2
|
|
Batting: RHB Edgar Klockow
|
0-0: Ball 1-0: Foul Ball, location: 2F 1-1: Reached on error, E1 (Groundball, 15, EV 75.6 MPH)
|
|
Batting: RHB Juan Carrillo
|
0-0: Foul Ball, location: 2F 0-1: Called Strike 0-2: Ball 1-2: Foul Ball, location: 2F 1-2: Ball 2-2: Ball 3-2: TRIPLE (Flyball, 89XD, EV 96.2 MPH) Edgar Klockow scores
|
|
Batting: RHB Kyle Burns
|
0-0: Ball 1-0: Ball 2-0: Swinging Strike 2-1: Ball 3-1: Called Strike 3-2: Foul Ball, location: 2F 3-2: SINGLE (Flyball, 4MD, EV 88.1 MPH) Juan Carrillo scores
|
|
Batting: SHB Justin Houser
|
0-0: Ball 1-0: Ball 2-0: Ball 3-0: Called Strike 3-1: Base on Balls Kyle Burns to second
|
|
Batting: LHB Ignacio Ocampo
|
0-0: Called Strike 0-1: Called Strike 0-2: Strikes out swinging
|
| Bottom of the 2nd over - 2 runs, 3 hits, 1 error, 2 left on base; Missoula 0 - Johnson City 5 |
| TOP OF THE 3RD |
|
Missoula Osprey batting - Pitching for Johnson City Cardinals : RHP Mario Machado
|
|
Batting: RHB Juan Mejia
|
0-0: Called Strike 0-1: Ball 1-1: Foul Ball, location: 2F 1-2: Strikes out swinging
|
|
Batting: RHB Mike Smith
|
0-0: Called Strike 0-1: Ball 1-1: Ball 2-1: Foul Ball, location: 2F 2-2: Ball 3-2: Foul Ball, location: 2F 3-2: Base on Balls
|
|
Batting: RHB Hector Tabares
|
0-0: Called Strike 0-1: Fielders Choice at 2nd, 6-4 (Groundball, 6, EV 105.6 MPH)
|
|
Batting: LHB Ron Mills
|
0-0: Called Strike 0-1: SINGLE (Groundball, 4M, EV 106.9 MPH) (infield hit) Hector Tabares to second
|
|
Batting: RHB Edwin Romero
|
0-0: Called Strike 0-1: 3-RUN HOME RUN (Flyball, 7D, EV 100.6 MPH), Distance : 390 ft
|
|
Batting: RHB Isaiah Hampton
|
0-0: Called Strike 0-1: Foul Ball, location: 2F 0-2: Strikes out swinging
|
| Top of the 3rd over - 3 runs, 2 hits, 0 errors, 0 left on base; Missoula 3 - Johnson City 5 |
| BOTTOM OF THE 3RD |
|
Johnson City Cardinals batting - Pitching for Missoula Osprey : RHP Jason Maki
|
|
Batting: RHB McGwire Jones
|
0-0: Swinging Strike 0-1: Foul Ball, location: 2F 0-2: Ball 1-2: Ball 2-2: Strikes out swinging
|
|
Batting: RHB Jonathan Winkler
|
0-0: Ball 1-0: SINGLE (Groundball, P, EV 80.0 MPH) (infield hit)
|
|
Batting: SHB Justin Towry
|
0-0: Called Strike 0-1: Ball Jonathan Winkler is caught stealing 2nd base 2-6 1-1: Ball 2-1: Ball 3-1: Swinging Strike 3-2: Base on Balls
|
|
Batting: RHB Pablo Nunez
|
0-0: Ball Justin Towry steals 2nd base 1-0: Called Strike 1-1: Called Strike 1-2: Foul Ball, location: 2F 1-2: Strikes out swinging
|
| Bottom of the 3rd over - 0 runs, 1 hit, 0 errors, 1 left on base; Missoula 3 - Johnson City 5 |
| TOP OF THE 4TH |
|
Missoula Osprey batting - Pitching for Johnson City Cardinals : RHP Mario Machado
|
|
Batting: RHB Zach Espinosa
|
0-0: Called Strike 0-1: Swinging Strike 0-2: Strikes out swinging
|
|
Batting: RHB Hyeok Shon
|
0-0: Ball 1-0: Foul Ball, location: 2F 1-1: Ground out 4-3 (Groundball, 34, EV 83.8 MPH)
|
|
Batting: RHB Jose Cuellar
|
0-0: Foul Ball, location: 2F 0-1: Ball 1-1: Foul Ball, location: 2F 1-2: Ball 2-2: Ball 3-2: Foul Ball, location: 2F 3-2: Fly out, F8 (Flyball, 8RS, EV 85.0 MPH)
|
| Top of the 4th over - 0 runs, 0 hits, 0 errors, 0 left on base; Missoula 3 - Johnson City 5 |
| BOTTOM OF THE 4TH |
|
Johnson City Cardinals batting - Pitching for Missoula Osprey : RHP Jason Maki
|
|
Batting: RHB Edgar Klockow
|
0-0: Ball 1-0: Called Strike 1-1: Swinging Strike 1-2: Foul Ball, location: 2F 1-2: Ball 2-2: Ball 3-2: Strikes out looking
|
|
Batting: RHB Juan Carrillo
|
0-0: Ball 1-0: Called Strike 1-1: Ball 2-1: Ball 3-1: Base on Balls
|
|
Batting: RHB Kyle Burns
|
0-0: Called Strike 0-1: Called Strike Juan Carrillo steals 2nd base 0-2: Ball 1-2: Ball Wild Pitch! Juan Carrillo to third 2-2: 2-RUN HOME RUN (Flyball, 9D, EV 101.9 MPH), Distance : 377 ft
|
|
Pitching: RHP D.J. Bryant
|
|
|
Batting: SHB Justin Houser
|
0-0: Ball 1-0: Called Strike 1-1: Ball 2-1: Ball 3-1: Base on Balls
|
|
Batting: LHB Ignacio Ocampo
|
0-0: Foul Ball, location: 2F 0-1: Ball 1-1: Ball 2-1: SINGLE (Line Drive, 9S, EV 108.1 MPH) Justin Houser to second
|
|
Batting: RHB McGwire Jones
|
0-0: Ball 1-0: Ball 2-0: Ball 3-0: Base on Balls Justin Houser to third Ignacio Ocampo to second
|
|
Batting: RHB Jonathan Winkler
|
0-0: Called Strike 0-1: Foul Ball, location: 2F 0-2: Ball 1-2: Ball 2-2: Ball 3-2: Foul Ball, location: 2F 3-2: Strikes out swinging
|
|
Pitching: LHP Ian Tamburrino
|
|
|
Batting: SHB Justin Towry
|
0-0: Fielders Choice at 2nd, 6-4 (Groundball, 6, EV 80.0 MPH)
|
| Bottom of the 4th over - 2 runs, 2 hits, 0 errors, 3 left on base; Missoula 3 - Johnson City 7 |
| TOP OF THE 5TH |
|
Missoula Osprey batting - Pitching for Johnson City Cardinals : RHP Mario Machado
|
|
Batting: RHB Juan Mejia
|
0-0: Ball 1-0: Called Strike 1-1: Called Strike 1-2: Foul Ball, location: 2F 1-2: Ball 2-2: Strikes out swinging
|
|
Batting: RHB Mike Smith
|
0-0: Ball 1-0: Foul Ball, location: 2F 1-1: Ball 2-1: Swinging Strike 2-2: Strikes out looking
|
|
Batting: RHB Hector Tabares
|
0-0: Ball 1-0: Called Strike 1-1: Swinging Strike 1-2: Ball 2-2: Ball 3-2: Ground out 4-3 (Groundball, 4, EV 81.9 MPH)
|
| Top of the 5th over - 0 runs, 0 hits, 0 errors, 0 left on base; Missoula 3 - Johnson City 7 |
| BOTTOM OF THE 5TH |
|
Johnson City Cardinals batting - Pitching for Missoula Osprey : LHP Ian Tamburrino
|
|
Batting: RHB Pablo Nunez
|
0-0: Ball 1-0: Called Strike 1-1: Swinging Strike 1-2: Foul Ball, location: 2F 1-2: Ball 2-2: SOLO HOME RUN (Flyball, 7D, EV 113.8 MPH), Distance : 421 ft
|
|
Batting: RHB Edgar Klockow
|
0-0: Ball 1-0: Ball 2-0: Ball 3-0: Called Strike 3-1: SOLO HOME RUN (Flyball, 7D, EV 96.9 MPH), Distance : 382 ft
|
|
Batting: RHB Juan Carrillo
|
0-0: SINGLE (Groundball, 5S, EV 62.5 MPH) (infield hit)
|
|
Batting: RHB Kyle Burns
|
0-0: Ball 1-0: Ball 2-0: Ball 3-0: Called Strike 3-1: Foul Ball, location: 2F 3-2: Fly out, F3 (Popup, 23F, EV 88.1 MPH)
|
|
Pitching: RHP Javier Rosales
|
|
|
Batting: SHB Justin Houser
|
0-0: Called Strike 0-1: Ball Juan Carrillo steals 2nd base (no throw) 1-1: Ball 2-1: Foul Ball, location: 2F 2-2: Strikes out swinging
|
|
Batting: LHB Ignacio Ocampo
|
0-0: Foul Ball, location: 2F 0-1: Foul Ball, location: 2F 0-2: Ball 1-2: SINGLE (Line Drive, 7S, EV 99.4 MPH) Juan Carrillo to third
|
|
Batting: RHB McGwire Jones
|
0-0: Foul Ball, location: 2F 0-1: Foul Ball, location: 2F 0-2: Foul Ball, location: 2F 0-2: Ball 1-2: 3-RUN HOME RUN (Flyball, 9LD, EV 93.8 MPH), Distance : 338 ft
|
|
Batting: RHB Jonathan Winkler
|
0-0: DOUBLE (Flyball, 8LXD, EV 101.2 MPH)
|
|
Batting: SHB Justin Towry
|
0-0: 2-RUN HOME RUN (Flyball, 9LD, EV 93.1 MPH), Distance : 347 ft
|
|
Pitching: RHP Jimmy McIntosh
|
|
|
Batting: RHB Pablo Nunez
|
0-0: Ball 1-0: Ball 2-0: Ball 3-0: Base on Balls
|
|
Batting: RHB Edgar Klockow
|
0-0: Foul Ball, location: 2F 0-1: Foul Ball, location: 2F 0-2: Strikes out looking
|
| Bottom of the 5th over - 7 runs, 7 hits, 0 errors, 1 left on base; Missoula 3 - Johnson City 14 |
| TOP OF THE 6TH |
|
Missoula Osprey batting - Pitching for Johnson City Cardinals : RHP Mario Machado
|
|
Batting: LHB Ron Mills
|
0-0: Called Strike 0-1: Ball 1-1: Ball 2-1: Swinging Strike 2-2: Fly out, F8 (Flyball, 8LM, EV 93.8 MPH)
|
|
Batting: RHB Edwin Romero
|
0-0: Called Strike 0-1: Ball 1-1: Fly out, F4 (Line Drive, 4, EV 70.0 MPH)
|
|
Batting: RHB Isaiah Hampton
|
0-0: Ball 1-0: Called Strike 1-1: Ball 2-1: Swinging Strike 2-2: Strikes out swinging
|
| Top of the 6th over - 0 runs, 0 hits, 0 errors, 0 left on base; Missoula 3 - Johnson City 14 |
| BOTTOM OF THE 6TH |
|
Johnson City Cardinals batting - Pitching for Missoula Osprey : RHP Jimmy McIntosh
|
|
Batting: RHB Juan Carrillo
|
0-0: Foul Ball, location: 2F 0-1: Fly out, F7 (Line Drive, 78S, EV 98.1 MPH)
|
|
Batting: RHB Kyle Burns
|
0-0: Ball 1-0: Ground out 4-3 (Groundball, 4, EV 83.1 MPH)
|
|
Batting: SHB Justin Houser
|
0-0: Ball 1-0: Ball 2-0: Called Strike 2-1: Ball 3-1: Base on Balls
|
|
Batting: LHB Ignacio Ocampo
|
0-0: DOUBLE (Line Drive, 9LD, EV 105.0 MPH) Justin Houser to third Runner from 3rd tries for Home, SAFE, throw by RF to trailing runner, OUT at third! 9-3-5
|
| Bottom of the 6th over - 1 run, 1 hit, 0 errors, 0 left on base; Missoula 3 - Johnson City 15 |
| TOP OF THE 7TH |
|
Missoula Osprey batting - Pitching for Johnson City Cardinals : RHP Mario Machado
|
|
Batting: RHB Zach Espinosa
|
0-0: Foul Ball, location: 2F 0-1: Ball 1-1: Swinging Strike 1-2: Strikes out swinging
|
|
Batting: RHB Hyeok Shon
|
0-0: Ball 1-0: Ball 2-0: Foul Ball, location: 2F 2-1: Swinging Strike 2-2: Strikes out swinging
|
|
Batting: RHB Jose Cuellar
|
0-0: Swinging Strike 0-1: Foul Ball, location: 2F 0-2: Strikes out swinging
|
| Top of the 7th over - 0 runs, 0 hits, 0 errors, 0 left on base; Missoula 3 - Johnson City 15 |
| BOTTOM OF THE 7TH |
|
Johnson City Cardinals batting - Pitching for Missoula Osprey : RHP Jimmy McIntosh
|
|
Batting: RHB McGwire Jones
|
0-0: Called Strike 0-1: Ball 1-1: Swinging Strike 1-2: Foul Ball, location: 2F 1-2: Foul Ball, location: 2F 1-2: Ball 2-2: Ball 3-2: Base on Balls
|
|
Batting: RHB Jonathan Winkler
|
0-0: Ball 1-0: Ball 2-0: Fielders Choice at 2nd, 3-6 (Groundball, 34, EV 85.6 MPH)
|
|
Batting: SHB Justin Towry
|
0-0: Ball 1-0: Called Strike 1-1: Foul Ball, location: 2F 1-2: Foul Ball, location: 2F 1-2: Foul Ball, location: 2F 1-2: Ball 2-2: Foul Ball, location: 2F 2-2: Foul Ball, location: 2F 2-2: Ball 3-2: Foul Ball, location: 2F 3-2: 2-RUN HOME RUN (Flyball, 89XD, EV 113.1 MPH), Distance : 426 ft
|
|
Batting: RHB Pablo Nunez
|
0-0: Called Strike 0-1: Swinging Strike 0-2: Ball 1-2: Ball 2-2: Foul Ball, location: 2F 2-2: Ball 3-2: Base on Balls
|
|
Pitching: RHP David Powell
|
|
|
Batting: RHB Edgar Klockow
|
0-0: Ball 1-0: Foul Ball, location: 2F 1-1: Ball 2-1: Ball Wild Pitch! Pablo Nunez to second 3-1: Base on Balls
|
|
Batting: RHB Juan Carrillo
|
0-0: Ball 1-0: SINGLE (Line Drive, 8RS, EV 98.8 MPH) Pablo Nunez to third Edgar Klockow to second
|
|
Pinch Hitting: RHB Julio Sandoval
|
0-0: Ball 1-0: Ball 2-0: Ball 3-0: Called Strike 3-1: Base on Balls Pablo Nunez scores Edgar Klockow to third Juan Carrillo to second
|
|
Batting: SHB Justin Houser
|
0-0: Called Strike 0-1: Grounds into double play, 4-6-3 (Groundball, 4, EV 77.5 MPH)
|
| Bottom of the 7th over - 3 runs, 2 hits, 0 errors, 2 left on base; Missoula 3 - Johnson City 18 |
| TOP OF THE 8TH |
|
Missoula Osprey batting - Pitching for Johnson City Cardinals : RHP Mario Machado
|
|
Pitching: RHP Jeremy Bonita
|
|
|
Now at 1B: Billy Lang
|
|
|
Pinch Hitting: LHB Nelson Pelico
|
0-0: Ball 1-0: Foul Ball, location: 2F 1-1: SINGLE (Flyball, 8LS, EV 97.5 MPH)
|
|
Pinch Hitting: RHB Claude Leduc
|
0-0: Foul Ball, location: 2F 0-1: Foul Ball, location: 2F 0-2: Foul Ball, location: 2F 0-2: Foul Ball, location: 2F 0-2: Ball 1-2: Strikes out looking
|
|
Pinch Hitting: LHB Danny Salas
|
0-0: Called Strike 0-1: Called Strike 0-2: Ball 1-2: Strikes out swinging
|
|
Pinch Hitting: RHB Dave Beerman
|
0-0: Called Strike 0-1: Fielders Choice at 2nd, 6-4 (Groundball, 6, EV 86.2 MPH)
|
| Top of the 8th over - 0 runs, 1 hit, 0 errors, 1 left on base; Missoula 3 - Johnson City 18 |
| BOTTOM OF THE 8TH |
|
Johnson City Cardinals batting - Pitching for Missoula Osprey : RHP David Powell
|
|
Now at 1B: Chris Jones
|
|
|
Now at 2B: Claude Leduc
|
|
|
Now at 3B: Nelson Pelico
|
|
|
Now in RF: Dave Beerman
|
|
|
Batting: LHB Ignacio Ocampo
|
0-0: Called Strike 0-1: Ball 1-1: Called Strike 1-2: Ball 2-2: Fly out, F8 (Flyball, 78M, EV 85.6 MPH)
|
|
Batting: RHB McGwire Jones
|
0-0: Ball 1-0: Foul Ball, location: 2F 1-1: Swinging Strike 1-2: Strikes out swinging
|
|
Batting: RHB Jonathan Winkler
|
0-0: Called Strike 0-1: Swinging Strike 0-2: Foul Ball, location: 2F 0-2: Ball 1-2: Ball 2-2: Strikes out swinging
|
| Bottom of the 8th over - 0 runs, 0 hits, 0 errors, 0 left on base; Missoula 3 - Johnson City 18 |
| TOP OF THE 9TH |
|
Missoula Osprey batting - Pitching for Johnson City Cardinals : RHP Jeremy Bonita
|
|
Batting: RHB Edwin Romero
|
0-0: Ball 1-0: Called Strike 1-1: Called Strike 1-2: Ground out 1-3 (Groundball, 13S, EV 75.0 MPH)
|
|
Batting: RHB Isaiah Hampton
|
0-0: SINGLE (Groundball, 6MS, EV 65.6 MPH) (infield hit)
|
|
Batting: RHB Zach Espinosa
|
0-0: SINGLE (Groundball, 6D, EV 95.0 MPH) Isaiah Hampton to second
|
|
Batting: RHB Hyeok Shon
|
0-0: Foul Ball, location: 2F 0-1: Foul Ball, location: 2F 0-2: Ball Wild Pitch! Isaiah Hampton to third Zach Espinosa to second 1-2: Ball 2-2: Strikes out looking
|
|
Batting: RHB Jose Cuellar
|
0-0: Ball 1-0: Swinging Strike 1-1: Ball 2-1: Ball 3-1: Fly out, F6 (Popup, 6M, EV 52.5 MPH)
|
| Top of the 9th over - 0 runs, 2 hits, 0 errors, 2 left on base; Missoula 3 - Johnson City 18 |
|